 Dungeon Crawl Stone Soup version 0.27.1-3-gb3d3a73c9e (webtiles) character file.

Game seed: 17432982553811200889

49 styxcanada the Sneak (level 3, -6/18 HPs)
             Began as a Spriggan Brigand on Oct 22, 2021.
             Mangled by an orc (16 damage)
             ... on level 2 of the Dungeon.
             The game lasted 00:04:00 (1157 turns).

styxcanada the Sneak (Spriggan Brigand)             Turns: 1157, Time: 00:04:00

Health: -6/18      AC:  3    Str:  7    XL:     3   Next: 51%
Magic:  4/4        EV: 17    Int: 12    God:
Gold:   21         SH:  0    Dex: 17    Spells: 2/2 levels left

rFire    . . .     SeeInvis +   a - +2 dagger
rCold    . . .     Faith    .   (shield restricted)
rNeg     . . .     Spirit   .   b - +0 robe
rPois    .         Reflect  .   (helmet restricted)
rElec    .         Harm     .   c - +0 cloak
rCorr    .         Rampage  .   (gloves unavailable)
Will     .....                  (boots unavailable)
Stlth    ++++......             (no amulet)
HPRegen  0.06/turn              (no ring)
MPRegen  0.09/turn              (no ring)

@: very quick
A: very small, no large weapons, unfitting armour, see invisible, speed 3
a: no special abilities


You were on level 2 of the Dungeon.
You visited 1 branch of the dungeon, and saw 2 of its levels.

You collected 21 gold pieces.

Inventory:

Hand Weapons
 a - a +2 dagger (weapon)
Missiles
 d - 4 poisoned darts (quivered)
 e - 2 curare-tipped darts
Armour
 b - a +0 robe (worn)
 c - a +0 cloak (worn)
Scrolls
 g - 2 scrolls of identify {unknown}
 h - 3 scrolls of vulnerability {unknown}
 i - a scroll of fear {unknown}
 j - a scroll of summoning {unknown}
 k - a scroll of holy word {unknown}
Potions
 f - a potion of curing {unknown}
 l - a potion of lignification {unknown}


   Skills:
 * Level 1.8 Fighting
 + Level 2.5 Short Blades
 + Level 2.2 Throwing
 * Level 2.1 Dodging
 * Level 7.1 Stealth


You had 2 spell levels left.
You didn't know any spells.
Your spell library was empty.

Dungeon Overview and Level Annotations

Branches:
Dungeon (2/15)

Altars:
Beogh

Shops:
D:1 *


Innate Abilities, Weirdness & Mutations

You are very small and have problems with some larger weapons.
You are too small for most types of armour.
You have supernaturally acute eyesight. (SInv)
You cover ground extremely quickly. (Speed+++)


Message History

The kobold is severely wounded.
The kobold hits you with a +0 dagger.
You barely miss the kobold.
The kobold is severely wounded.
The kobold closely misses you.
You closely miss the kobold.
The kobold is severely wounded.
The kobold closely misses you.
You barely miss the kobold.
The kobold is severely wounded.
The kobold hits you but does no damage.
You barely miss the kobold.
The kobold is severely wounded.
The kobold closely misses you.
You hit the kobold.
You kill the kobold!
You hit the orc.
The orc is heavily wounded.
The orc barely misses you.
You hit the orc.
The orc is almost dead.
The orc hits you with a +0 flail.
You hit the orc.
You kill the orc!
You see here a +0 dagger.
d - 2 poisoned darts (gained 1)
Items here: ( )) ††.
Okay, then.
d - 3 poisoned darts (gained 1)
d - 4 poisoned darts (gained 1)
The orc shouts!
The orc throws a boomerang.
The boomerang closely misses you.
You completely miss the orc. The orc misses you.
You hit the orc but do no damage. The orc closely misses you.
You hit the orc.
The orc is heavily wounded.
The orc hits you with a +1 whip of electrocution.
You are electrocuted!
Ouch! That really hurt!
You die...

...........#............
...#.......#............ ..
#.......#............ .
#.......#............
#....o..#............
#....o((o......⌠.....
#.######.....(....... .
#..o$.##...##.....## ..
#...@.##..##.......# ...
#.....++.##.........# ....
###...##.#......o.... .....
#......###....#§#....
......##+#.###### +....≈_§....
............).).# #....#≈#....
....#......#####..#...........
. #......+ ..# #......# ...#


You could see an orc.

Vanquished Creatures
  An adder (D:2)
  A dart slug (D:2)
  3 orcs (D:2)
  5 endoplasms
  A giant cockroach (D:1)
  2 goblins (D:1)
  A hobgoblin (D:1)
  2 jackals (D:1)
  A kobold (D:2)
  A quokka (D:1)
  4 ball pythons
  2 bats
  4 frilled lizards
  4 rats (D:1)
32 creatures vanquished.

Notes
Turn   | Place    | Note
-------+----------+-------------------------------------------
     0 | D:1      | styxcanada the Spriggan Brigand began the quest for the
                  | Orb.
     0 | D:1      | Reached XP level 1. HP: 10/10 MP: 2/2
    40 | D:1      | Reached skill level 6 in Stealth
   259 | D:1      | Found Muba's General Store.
   262 | D:1      | Reached XP level 2. HP: 15/15 MP: 3/3
   901 | D:2      | Reached XP level 3. HP: 18/18 MP: 4/4
  1066 | D:2      | Reached skill level 7 in Stealth
  1157 | D:2      | Mangled by an orc

Illustrated notes

Levels and vault maps discovered:
D:1:      scummos_arrival_hexagon, layout_rooms, serial_shops, shop
D:2:      layout_basic, hellmonk_ecumenical_altar_defaced_shrine

Skill      XL: |  1  2  3 |
---------------+----------+-----
Stealth        | 6 7 |  7.1
Dodging        | 2 |  2.1
Fighting       | |  1.8
Short Blades   | |  2.5
Throwing       | |  2.2

Action                   || total
-------------------------++-------
Melee: Dagger            ||    96
Throw: Dart              ||     8
 Stab: Sleeping          ||     8
Armor: Robe              ||    12
Dodge: Dodged            ||    63
